[Event "68th Warsaw-ch-A 2019"]
[Site "Warsaw"]
[Date "2019.11.16"]
[Round "5.10"]
[White "Liberadzki, Slawomir"]
[Black "Grochowski, Kosma"]
[Result "1/2-1/2"]
[ECO "A22"]
[WhiteElo "1999"]
[BlackElo "1920"]
[Annotator "NA RC"]
[PlyCount "161"]
[EventDate "2019.11.14"]
[EventType "swiss"]
[EventCountry "POL"]
[SourceTitle "playchess.com"]
[Source "ChessBase"]
[SourceQuality "1"]
[TimeControl "5400+30"]

1. c4 e5 2. Nc3 Nf6 3. g3 c6 4. Nf3 e4 5. Nd4 d5 6. cxd5 cxd5 7. Bg2 Bc5 {[%emt 0:09:03] A23: English Opening: 1...e5 2 Nc3 Nf6 3 g3 c6} 8. Nb3 Bb6 9. d3 Qe7 10. O-O h6 11. a4 $146 ({Predecessor:} 11. dxe4 dxe4 12. Bf4 Bf5 13. Nb5 O-O 14. Bd6 Qd7 15. Bxf8 Qxb5 {1-0 (47) Zhigalko,A (2594)-Petrosyan,T (2478) Yerevan 2016}) 11... Nc6 12. a5 Bc7 13. dxe4 dxe4 14. Be3 Bf5 15. Nd4 Nxd4 16. Bxd4 O-O 17. Bxf6 Qxf6 18. Qb3 Qe5 19. Qxb7 Rab8 20. Qxa7 Rxb2 21. Nxe4 Rxe2 22. Rae1 Rc2 23. a6 Ba5 24. Re3 Rc7 25. Nc3 Qxc3 26. Rxc3 Rxa7 27. Rc5 Bd3 28. Rxa5 Bxf1 29. Kxf1 Re8 30. Bb7 Re6 31. Rc5 Kf8 32. Rc2 g5 33. Re2 Rb6 34. Kg2 Kg7 35. h3 f5 36. Re8 h5 37. Rc8 Re6 38. Rd8 h4 39. gxh4 gxh4 40. Rd4 Rh6 41. Kf3 Kf7 42. Kf4 Rhxa6 43. Bxa6 Rxa6 44. Kg5 Ra3 45. Rxh4 Rf3 46. Rf4 Rxh3 47. Rxf5+ Kg7 48. f4 Rg3+ 49. Kh5 Rh3+ 50. Kg4 Rh6 51. Rg5+ Kf7 52. Rf5+ Kg7 53. Ra5 Rb6 $11 54. Kg5 Kf7 55. Ra7+ Kf8 56. Rc7 Kg8 57. f5 Kf8 58. Rc8+ Kf7 59. Ra8 Kg7 60. Ra7+ Kf8 61. Rh7 Kg8 62. Re7 Kf8 63. Re4 Kf7 64. Re5 Kf8 65. Rc5 Kf7 66. f6 Rb1 67. Rc7+ Kf8 68. Rc5 Rg1+ 69. Kf5 Rf1+ 70. Ke6 Re1+ 71. Re5 Rxe5+ 72. Kxe5 Kf7 73. Kf5 Kf8 74. Kg6 Kg8 75. Kh6 Kf7 76. Kg5 Kf8 77. Kf4 Kf7 78. Ke5 Kf8 79. Ke6 Ke8 80. f7+ Kf8 81. Kf6 1/2-1/2

[Event "68th Warsaw-ch-A 2019"]
[Site "Warsaw"]
[Date "2019.11.17"]
[Round "6.3"]
[White "Kozak, Antoni"]
[Black "Paprocki, Jaroslaw"]
[Result "1-0"]
[ECO "E20"]
[WhiteElo "2350"]
[BlackElo "2184"]
[Annotator "RC"]
[PlyCount "55"]
[EventDate "2019.11.14"]
[EventType "swiss"]
[EventCountry "POL"]
[SourceTitle "playchess.com"]
[Source "ChessBase"]
[SourceQuality "1"]
[TimeControl "5400+30"]

1. d4 Nf6 2. c4 e6 3. Nc3 Bb4 4. f3 d5 5. a3 Be7 6. cxd5 exd5 7. e4 dxe4 8. fxe4 O-O 9. Nf3 c6 10. Bd3 Bg4 11. Be3 Nbd7 12. Qc2 Bxf3 13. gxf3 Nh5 14. h4 Bxh4+ 15. Kd2 g6 16. Rag1 Kh8 17. Kc1 c5 18. e5 cxd4 19. Bxd4 Nb6 20. Rg4 Bg5+ 21. Kb1 Ng7 22. Bxg6 h6 23. f4 Qxd4 24. fxg5 Qxg4 25. Rxh6+ Kg8 26. Bh7+ Kh8 27. Bg8+ Kxg8 28. Qh7# {f6 e6#} 1-0

[Event "68th Warsaw-ch-A 2019"]
[Site "Warsaw"]
[Date "2019.11.17"]
[Round "6.7"]
[White "Kaminski, Jan"]
[Black "Janeczko, Jakub"]
[Result "1-0"]
[ECO "B33"]
[WhiteElo "2024"]
[BlackElo "1839"]
[Annotator "NA RC"]
[PlyCount "95"]
[EventDate "2019.11.14"]
[EventType "swiss"]
[EventCountry "POL"]
[SourceTitle "playchess.com"]
[Source "ChessBase"]
[SourceQuality "1"]
[TimeControl "5400+30"]

1. e4 c5 2. Nf3 Nc6 3. d4 cxd4 4. Nxd4 Nf6 5. Nc3 e5 6. Ndb5 d6 7. Bg5 a6 8. Bxf6 gxf6 9. Na3 b5 10. Nd5 f5 11. Bd3 Be6 12. Qh5 Bg7 13. c3 h6 {[%emt 0:01:13] B33: Sicilian: Pelikan and Sveshnikov Variations} (13... O-O 14. exf5 Bxd5 15. f6 e4 16. fxg7 Re8 17. Be2 Ne5 18. O-O Qf6 19. Rfd1 Nd3 20. Bxd3 Re5 21. Qh3 exd3 22. Rxd3 Rae8 23. Nc2 Re2 24. Qg3 Be4 {0-1 (59) Volokitin,A (2649)-Oleksienko,M (2615) Rivne 2016}) 14. Nc2 O-O 15. O-O fxe4 16. Bxe4 f5 {[%emt 0:00:42] [#]} 17. Qg6 (17. Nf4 $1 $16 exf4 18. Bxc6) 17... Qe8 $146 ({Predecessor:} 17... Bd7 18. Bd3 e4 19. Be2 Be8 20. Qg3 {½-½ (20) Melchor Munoz,A-Brunet Martinez,J Barcelona 2001}) 18. Qxe8 Raxe8 19. Nf6+ Bxf6 20. Bxc6 Rc8 21. Bb7 Rb8 22. Bxa6 Rb6 23. Nb4 Ra8 24. a4 Rbxa6 25. Nxa6 Rxa6 26. axb5 Rb6 27. Ra6 Rxb5 28. Rxd6 Kf7 29. b4 e4 30. Rc6 Ke7 31. Ra1 Bd7 32. Ra7 Rd5 33. g3 Rd3 34. b5 Rd6 35. Rxd6 Kxd6 36. Ra6+ Ke7 $18 37. b6 Bb5 38. b7 Bxa6 39. b8=Q Bd3 40. c4 Ke6 41. c5 Be5 42. Qc8+ Kd5 43. Qxf5 Kd4 44. c6 e3 45. fxe3+ Kxe3 46. Qxe5+ Kd2 47. c7 Ba6 48. Qd6+ 1-0

[Event "68th Warsaw-ch-A 2019"]
[Site "Warsaw"]
[Date "2019.11.17"]
[Round "6.8"]
[White "Cyra, Dariusz"]
[Black "Liberadzki, Slawomir"]
[Result "1-0"]
[ECO "D00"]
[WhiteElo "1818"]
[BlackElo "1999"]
[Annotator "NA RC"]
[PlyCount "139"]
[EventDate "2019.11.14"]
[EventType "swiss"]
[EventCountry "POL"]
[SourceTitle "playchess.com"]
[Source "ChessBase"]
[SourceQuality "1"]
[TimeControl "5400+30"]

1. d4 d5 2. Bf4 Nf6 3. e3 Bf5 4. c4 c6 5. Nc3 e6 6. Qb3 {[%emt 0:01:24] D10: Slav Defence: 3 cxd5 (without early Nf3) and 3 Nc3} (6. Nf3 Nbd7 7. Be2 Be7 8. h3 h6 9. O-O O-O 10. a3 a6 11. Rc1 Ne4 12. Qb3 Qb6 13. Qa2 Rac8 14. Rfd1 Rfd8 15. b4 dxc4 16. Nxe4 Bxe4 17. Nd2 Bd3 18. Nxc4 Bxc4 19. Rxc4 {1-0 (59) Laznicka,V (2647)-Short,N (2678) Riadh 2017}) 6... Qb6 7. c5 Qxb3 8. axb3 Nfd7 9. b4 f6 10. Nf3 g5 11. Bc7 $146 ({Predecessor:} 11. Bg3 h5 12. h3 Kf7 {1-0 (39) Londyn,R (2422)-Cap,A (2288) Czech Republic 2017}) 11... Be7 12. b5 Bd8 13. Bd6 Be7 14. Bc7 Bd8 15. b6 a6 $2 (15... Na6 $1 $14) 16. b4 O-O 17. Nd2 Re8 18. Nb3 e5 19. Kd2 Nf8 20. Na5 Bc8 21. Bd6 Nbd7 22. Be2 Be7 23. Bc7 Bd8 24. Bxd8 Rxd8 25. Bg4 Re8 26. Bh5 Re7 27. b5 Nb8 28. bxc6 bxc6 29. Bf3 e4 30. Be2 f5 31. f3 Ne6 32. fxe4 fxe4 33. Bg4 Bd7 34. h3 Nd8 35. Be2 Bc8 36. Na2 Nb7 37. Nb4 Nxa5 38. Rxa5 Rf7 39. Rf1 Rxf1 40. Bxf1 Kf7 41. Be2 Kg6 42. Bg4 Bxg4 43. hxg4 h5 44. gxh5+ Kxh5 45. Ke2 Kh4 46. Kf2 g4 47. Kg1 Kg3 48. Na2 Nd7 49. Nc3 Kh4 50. Ne2 g3 51. Nf4 Nf6 52. Kf1 Ng4 53. Ke2 Nf2 54. Ng6+ Kg5 55. Ne5 Nd3 56. Nxc6 Rf8 57. Kd2 Rf2+ 58. Kc3 Rxg2 59. b7 Rb2 60. b8=Q Rxb8 61. Nxb8 g2 62. Ra1 Nf2 63. Rg1 Kg4 64. Rxg2+ Kf3 65. Rxf2+ Kxf2 66. Kd2 a5 67. c6 a4 68. c7 a3 69. c8=Q a2 70. Qa6 1-0

[Event "68th Warsaw-ch-A 2019"]
[Site "Warsaw"]
[Date "2019.11.17"]
[Round "6.9"]
[White "Grochowski, Kosma"]
[Black "Sadowski, Miroslaw"]
[Result "0-1"]
[ECO "B06"]
[WhiteElo "1920"]
[BlackElo "1998"]
[Annotator "NA RC"]
[PlyCount "62"]
[EventDate "2019.11.14"]
[EventType "swiss"]
[EventCountry "POL"]
[SourceTitle "playchess.com"]
[Source "ChessBase"]
[SourceQuality "1"]
[TimeControl "5400+30"]

1. e4 g6 2. d4 Bg7 3. Nf3 c6 4. c4 d6 5. h3 Nf6 6. Nc3 O-O 7. Bg5 Qa5 8. Qd2 Nbd7 9. Be2 Re8 10. b4 Qxb4 11. e5 dxe5 12. dxe5 Nh5 13. Rb1 Qa5 14. Ne4 $19 Qxd2+ 15. Nfxd2 Nxe5 16. f4 Nd7 17. O-O Nhf6 18. Bf3 Nxe4 19. Nxe4 f5 20. Nd2 e5 21. fxe5 Nxe5 22. Rfe1 Kf8 23. Be2 b6 24. a4 Nf7 25. Bh4 Bc3 26. Rbd1 Bb7 27. Bf3 Rxe1+ 28. Bxe1 Rd8 29. Kf2 Ne5 30. Nb3 Rxd1 31. Bxd1 Nd3+ 0-1

[Event "68th Warsaw-ch-A 2019"]
[Site "Warsaw"]
[Date "2019.11.17"]
[Round "6.10"]
[White "Poniewierski, Piotr"]
[Black "Urbaniak, Karol"]
[Result "1-0"]
[ECO "A04"]
[WhiteElo "1858"]
[BlackElo "1812"]
[Annotator "NA RC"]
[PlyCount "137"]
[EventDate "2019.11.14"]
[EventType "swiss"]
[EventCountry "POL"]
[SourceTitle "playchess.com"]
[Source "ChessBase"]
[SourceQuality "1"]
[TimeControl "5400+30"]

1. Nf3 g6 2. g3 f5 (2... Bg7 3. Bg2 d6 4. d4 Bd7 5. O-O Qc8 6. c4 Nc6 7. Nc3 Bh3 8. e3 h5 9. Ne4 h4 10. Nxh4 Bf6 11. Nxf6+ Nxf6 12. f4 Bxg2 13. Kxg2 {0-1 (33) Hou,Y (2658)-Nakamura,H (2777) chess.com INT 2018}) 3. d4 Bg7 4. c3 Nf6 5. Qb3 d5 6. Bg2 {[%emt 0:02:30] A04: Unusual lines after 1 Nf3 and King's Indian Attack} O-O 7. O-O c6 8. Bf4 Nbd7 9. Na3 $146 ({Predecessor:} 9. Nbd2 h6 10. Be5 g5 11. c4 {1-0 (43) Guerra Bastida,D (2273)-Touzane,O (2348) Linares 2000}) 9... Nh5 10. Bd2 Kh8 11. c4 e6 12. Ng5 Qf6 13. cxd5 exd5 14. Nf3 Nb6 15. Ba5 Nc4 16. Nxc4 dxc4 17. Qxc4 Be6 18. Qc2 f4 19. Bc7 Bf5 20. Qb3 Qe7 21. Be5 fxg3 22. Bxg7+ Nxg7 23. hxg3 Qxe2 24. Qxb7 Rab8 25. Qxa7 Rxb2 26. Rae1 Qc2 27. Rc1 Qe2 28. Qc5 Ne6 29. Qe7 Kg8 30. Rce1 Qc4 31. d5 Rf7 32. Qe8+ Rf8 33. Qxc6 Qxc6 34. dxc6 Nc5 35. Re7 Be4 36. Re5 Bxf3 37. Rxc5 Bxg2 38. Kxg2 Rxa2 39. c7 Raa8 40. Rd1 Kg7 41. Rd7+ Kh6 42. Rcd5 Ra2 43. Rd8 Rfxf2+ 44. Kh3 Rh2+ 45. Kg4 Ra4+ 46. Kf3 Ra3+ 47. Ke4 Re2+ 48. Kd4 Rd2+ 49. Ke5 Re2+ 50. Kd6 Ra6+ 51. Kd7 Ra7 52. Rd6 Kg7 53. Rb8 Kf7 $18 54. Rh8 Kg7 55. Rb8 Kf7 56. Kc8 h5 57. Rb3 Re8+ 58. Rd8 Re1 59. Kb8 Rea1 60. c8=Q Ra8+ 61. Kb7 R1a7+ 62. Kb6 Rxc8 63. Rxc8 Re7 64. Rc7 Rxc7 65. Kxc7 Kf6 66. Rb5 g5 67. Kd7 h4 68. gxh4 gxh4 69. Rh5 1-0

[Event "68th Warsaw-ch-A 2019"]
[Site "Warsaw"]
[Date "2019.11.17"]
[Round "6.12"]
[White "Korcz, Daniel"]
[Black "Piotrowski, Arkadiusz"]
[Result "1-0"]
[ECO "B38"]
[WhiteElo "1807"]
[BlackElo "1962"]
[Annotator "NA RC"]
[PlyCount "139"]
[EventDate "2019.11.14"]
[EventType "swiss"]
[EventCountry "POL"]
[SourceTitle "playchess.com"]
[Source "ChessBase"]
[SourceQuality "1"]
[TimeControl "5400+30"]

1. e4 c5 2. Nf3 d6 3. d4 cxd4 4. Nxd4 Nf6 5. f3 g6 6. c4 Bg7 7. Be3 Nc6 8. Nc3 Bd7 9. Qd2 h5 10. Nc2 Qa5 11. a3 O-O 12. b4 Qd8 13. Be2 Re8 14. O-O Rc8 15. Rac1 Ne5 16. c5 dxc5 17. Bxc5 b6 18. Be3 Nc4 19. Bxc4 Rxc4 20. Nd4 Qc8 21. Ncb5 Rxc1 22. Rxc1 Qb8 23. Nc6 Bxc6 24. Rxc6 Rd8 25. Qc2 Qe5 26. Rc8 Qa1+ 27. Qc1 Qxc1+ 28. Rxc1 Rd3 29. Kf2 a6 30. Rc8+ Kh7 31. Nc7 Rxa3 32. Bxb6 Nd7 33. Ba5 Ra2+ 34. Kg3 Be5+ 35. Kh3 Nf6 36. Nxa6 g5 37. Rc5 g4+ 38. fxg4 hxg4+ 39. Kh4 Bd6 40. Rf5 Rxg2 41. e5 Rxh2+ 42. Kg3 Rh3+ 43. Kg2 Kg6 44. Rxf6+ exf6 45. exd6 Rd3 46. Bc7 f5 47. Nc5 Rd2+ 48. Kf1 Kf6 49. Bd8+ Ke5 50. d7 Rd1+ 51. Ke2 Rd5 52. Bc7+ Kd4 53. d8=Q Rxd8 54. Bxd8 Kc4 55. Nd3 f4 56. Be7 f3+ 57. Kf2 f5 58. Nf4 Kb5 59. Bd6 Kc4 60. Kg3 Kb5 61. Nd3 Kc4 62. Nf2 Kb5 63. Kf4 Kc4 64. Nh1 Kb5 65. Bf8 Kc4 66. Ng3 Kb5 67. Kxf5 f2 68. Kxg4 Kc4 69. Kf3 f1=Q+ 70. Nxf1 1-0

[Event "68th Warsaw-ch-A 2019"]
[Site "Warsaw"]
[Date "2019.11.17"]
[Round "6.13"]
[White "Spicak, Krzysztof"]
[Black "Siekierski, Pawel"]
[Result "0-1"]
[ECO "B01"]
[WhiteElo "1874"]
[BlackElo "1959"]
[Annotator "NA RC"]
[PlyCount "98"]
[EventDate "2019.11.14"]
[EventType "swiss"]
[EventCountry "POL"]
[SourceTitle "playchess.com"]
[Source "ChessBase"]
[SourceQuality "1"]
[TimeControl "5400+30"]

1. e4 d5 2. e5 d4 3. Bc4 e6 4. f4 Bd7 5. a4 Nh6 6. Nf3 Bc5 7. c3 dxc3 8. bxc3 O-O 9. d4 Be7 10. O-O c5 11. d5 exd5 12. Bxd5 Nc6 13. c4 Bg4 14. Nc3 Nf5 15. h3 Bxf3 16. Qxf3 Nfd4 17. Qd1 Kh8 18. Be4 f5 19. exf6 gxf6 20. Bxh7 Kxh7 21. Qh5+ Kg7 22. f5 Nxf5 23. Rxf5 Qd4+ 24. Rf2 Rh8 25. Qg4+ Qxg4 26. hxg4 Rh4 27. Bf4 Rah8 28. Rff1 Rxg4 29. g3 Nd4 30. Rae1 Bd8 31. Nd5 Rg6 32. Kg2 Kf7 33. Rh1 Rhg8 34. Rh7+ R6g7 35. Rh5 Re8 36. Rxe8 Kxe8 37. Rh8+ Kd7 38. Bh6 Rf7 39. Be3 Bc7 40. Ra8 a6 41. g4 Be5 42. Bxd4 cxd4 43. Kf3 Rh7 44. a5 Rh3+ 45. Ke4 d3 46. Nb6+ Ke7 47. Ra7 d2 48. Rxb7+ Kd6 49. Nd5 d1=Q 0-1

[Event "68th Warsaw-ch-A 2019"]
[Site "Warsaw"]
[Date "2019.11.17"]
[Round "7.5"]
[White "Sliwerski, Radoslaw"]
[Black "Kaminski, Jan"]
[Result "1-0"]
[ECO "E20"]
[WhiteElo "2091"]
[BlackElo "2024"]
[Annotator "NA RC"]
[PlyCount "43"]
[EventDate "2019.11.14"]
[EventType "swiss"]
[EventCountry "POL"]
[SourceTitle "playchess.com"]
[Source "ChessBase"]
[SourceQuality "1"]
[TimeControl "5400+30"]

1. d4 Nf6 2. c4 e6 3. Nc3 Bb4 4. g3 c5 5. Nf3 cxd4 6. Nxd4 Nc6 7. Bg2 O-O 8. O-O Bxc3 9. bxc3 Na5 10. Qd3 Qc7 11. Ba3 Rd8 12. Be7 Re8 13. Nb5 Qxc4 14. Qxc4 Nxc4 15. Bxf6 gxf6 16. Nc7 Re7 17. Nxa8 d5 18. e4 dxe4 19. Bxe4 Nd2 20. Rfd1 Nxe4 21. Rd8+ Kg7 22. Rxc8 1-0

[Event "68th Warsaw-ch-A 2019"]
[Site "Warsaw"]
[Date "2019.11.17"]
[Round "7.7"]
[White "Malec, Sebastian"]
[Black "Cyra, Dariusz"]
[Result "1-0"]
[ECO "A22"]
[WhiteElo "2069"]
[BlackElo "1818"]
[Annotator "NA RC"]
[PlyCount "111"]
[EventDate "2019.11.14"]
[EventType "swiss"]
[EventCountry "POL"]
[SourceTitle "playchess.com"]
[Source "ChessBase"]
[SourceQuality "1"]
[TimeControl "5400+30"]

1. c4 e5 2. Nc3 Nf6 3. Nf3 e4 4. Ng5 b5 5. cxb5 $11 d5 6. Qa4 Bd7 7. Nxd5 Nxd5 8. Qxe4+ Be6 9. Nxe6 fxe6 10. Qxe6+ Be7 11. g3 Qd7 12. Bh3 Qxe6 13. Bxe6 Nb6 14. O-O N8d7 15. d4 Nf6 16. a4 Rd8 17. Rd1 Nbd5 18. f3 Rd6 19. Bf5 g6 20. Bc2 Nb4 21. Bb3 c5 22. Bh6 cxd4 23. Bg7 Rf8 24. Rac1 Bd8 25. e4 Rd7 26. Bxf8 Kxf8 27. Rc4 Ba5 28. b6 d3 29. bxa7 Rxa7 30. Rc8+ Ke7 31. e5 Nd7 32. Rh8 Nxe5 33. Rxh7+ Kd6 34. Rxa7 Bb6+ 35. Kg2 Bxa7 36. h3 Kc5 37. Rc1+ Kd6 38. f4 Nec6 39. Rd1 Nd4 40. Bc4 Nf5 41. Kf3 Ne3 42. Rxd3+ Nxd3 43. Bxd3 Nf5 44. Bxf5 gxf5 45. g4 Ke6 46. b4 Bd4 47. a5 Bc3 48. a6 Bd4 49. Ke2 Kd5 50. Kd3 Bb6 51. g5 Ke6 52. h4 Ba7 53. h5 Kf7 54. Kc4 Bb8 55. Kd5 Ke7 56. b5 1-0

[Event "68th Warsaw-ch-A 2019"]
[Site "Warsaw"]
[Date "2019.11.17"]
[Round "7.8"]
[White "Praczukowski, Stanislaw"]
[Black "Poniewierski, Piotr"]
[Result "1/2-1/2"]
[ECO "B12"]
[WhiteElo "2069"]
[BlackElo "1858"]
[Annotator "NA RC"]
[PlyCount "136"]
[EventDate "2019.11.14"]
[EventType "swiss"]
[EventCountry "POL"]
[SourceTitle "playchess.com"]
[Source "ChessBase"]
[SourceQuality "1"]
[TimeControl "5400+30"]

1. e4 c6 2. d4 g6 3. Nc3 d5 4. Nf3 Bg7 5. h3 Nf6 6. e5 Ne4 7. Nxe4 dxe4 8. Ng5 c5 9. c3 {[%emt 0:09:14] B15: Caro-Kann: 3 Nc3: 3...g6 and 3...dxe4 4 Nxe4 Nf6 5 Nxf6+ exf6} Qa5 $146 ({Predecessor:} 9... cxd4 10. cxd4 O-O 11. Be3 Qd5 12. Rc1 Nc6 13. Bc4 Qa5+ 14. Kf1 Bf5 15. g4 Be6 16. Bxe6 fxe6 17. Nxe6 {1-0 (34) Matlakov,M (2695)-Kuzmicz,K (2469) Wroclaw 2014}) 10. Bc4 O-O 11. O-O cxd4 12. cxd4 Qb4 13. Qb3 Qxb3 14. Bxb3 Nc6 15. Be3 b6 16. Nxe4 Bb7 17. Nc3 Rfd8 18. Rfd1 Na5 19. Rac1 Rac8 20. f4 Nxb3 21. axb3 e6 22. Nb5 Bd5 23. Nd6 Rxc1 24. Rxc1 Bf8 25. Rc8 Rxc8 26. Nxc8 Bxb3 27. Nxa7 Bd5 28. Nc8 b5 29. Na7 b4 30. Nc8 Bb7 31. Nb6 Be7 32. Kf2 Kf8 33. Bd2 Ke8 34. Nc4 Kd7 35. g3 Bh1 36. Nd6 Bxd6 37. exd6 b3 38. Bb4 Bd5 39. g4 f6 40. Kg3 Be4 41. h4 h6 42. h5 gxh5 43. gxh5 Bc2 44. Kh4 Bd3 45. Bc5 Bf5 46. Kg3 Be4 47. Bb4 Bd3 48. Kf3 Bc2 49. Kg4 Bd1+ 50. Kh4 Bc2 51. Bc5 Bd3 52. Ba3 Bf5 53. Bb4 Bd3 54. d5 e5 55. fxe5 fxe5 56. Bd2 Kxd6 57. Bxh6 Kxd5 58. Bd2 Ke6 59. h6 Kf6 60. Kg3 Kg6 61. Kf2 Bc2 62. Be3 Bd3 63. Ke1 Bc2 64. Kd2 $11 Kh7 65. Kc3 Kg6 66. Kc4 Kh7 67. Kd5 e4 68. Bd2 Kg6 {[%emt 0:00:39] Kxe4} 1/2-1/2

[Event "68th Warsaw-ch-A 2019"]
[Site "Warsaw"]
[Date "2019.11.17"]
[Round "7.10"]
[White "Janeczko, Jakub"]
[Black "Pichurko, Jakub"]
[Result "1-0"]
[ECO "B03"]
[WhiteElo "1839"]
[BlackElo "1877"]
[Annotator "NA RC"]
[PlyCount "63"]
[EventDate "2019.11.14"]
[EventType "swiss"]
[EventCountry "POL"]
[SourceTitle "playchess.com"]
[Source "ChessBase"]
[SourceQuality "1"]
[TimeControl "5400+30"]

1. e4 Nf6 2. e5 Nd5 3. d4 d6 4. c4 Nb6 5. exd6 cxd6 6. Nc3 g6 7. Be3 Bg7 8. Rc1 Nc6 9. b3 O-O 10. d5 Ne5 11. Be2 Ned7 12. f4 Nf6 13. Nf3 Bg4 14. O-O Bxf3 15. Bxf3 Nbd7 16. b4 b6 17. Re1 Re8 18. Nb5 a5 19. a3 axb4 20. axb4 Kf8 21. Bd4 Qb8 22. Qd3 Ng8 23. g4 Nh6 24. Re2 Qb7 25. Rce1 Bxd4+ 26. Qxd4 f6 27. Qe4 f5 28. Qd4 Kf7 29. g5 Ng8 30. Qh8 Ngf6 31. Rxe7+ Rxe7 32. Nxd6# 1-0

[Event "68th Warsaw-ch-A 2019"]
[Site "Warsaw"]
[Date "2019.11.17"]
[Round "7.12"]
[White "Siekierski, Pawel"]
[Black "Grochowski, Kosma"]
[Result "0-1"]
[ECO "D36"]
[WhiteElo "1959"]
[BlackElo "1920"]
[Annotator "NA RC"]
[PlyCount "90"]
[EventDate "2019.11.14"]
[EventType "swiss"]
[EventCountry "POL"]
[SourceTitle "playchess.com"]
[Source "ChessBase"]
[SourceQuality "1"]
[TimeControl "5400+30"]

1. d4 d5 2. Nf3 Nf6 3. c4 c6 4. Nc3 e6 5. Bg5 Nbd7 6. cxd5 exd5 7. Qc2 Bd6 8. e3 h6 9. Bh4 O-O 10. Bd3 Re8 11. O-O Nf8 12. Rab1 Bg4 13. Nd2 Bh5 14. Bg3 Bxg3 15. hxg3 g5 16. b4 Bg6 17. b5 h5 18. bxc6 bxc6 19. Nf3 Bxd3 20. Qxd3 Ne4 21. Ne5 Rc8 22. Nxe4 dxe4 23. Qc4 Qc7 24. Rfc1 c5 25. Qe2 Ne6 26. Qxh5 Kg7 27. Qg4 f6 28. Nc4 cxd4 29. exd4 Nxd4 30. Qd1 Qd7 31. Ne3 Rxc1 32. Rxc1 Rd8 33. Rb1 Kg6 34. g4 Qh7 35. Kf1 Rh8 36. f3 Nxf3 37. Kf2 Nd4 38. Rb4 Rd8 39. Qb1 Qe7 40. Qh1 Qxb4 41. Qh5+ Kg7 42. Nf5+ Nxf5 43. gxf5 Qd2+ 44. Kg3 Rd3+ 45. Kh2 Qf4+ 0-1

[Event "68th Warsaw-ch-A 2019"]
[Site "Warsaw"]
[Date "2019.11.17"]
[Round "7.13"]
[White "Derylo, Kamil"]
[Black "Sacharewicz, Krzysztof"]
[Result "1-0"]
[ECO "A60"]
[WhiteElo "1969"]
[BlackElo "1860"]
[Annotator "NA RC"]
[PlyCount "87"]
[EventDate "2019.11.14"]
[EventType "swiss"]
[EventCountry "POL"]
[SourceTitle "playchess.com"]
[Source "ChessBase"]
[SourceQuality "1"]
[TimeControl "5400+30"]

1. d4 Nf6 2. c4 c5 3. d5 a6 4. a4 e6 5. Nc3 exd5 6. cxd5 d6 7. Nf3 Nbd7 8. e4 Qe7 9. Qc2 g6 10. Be2 Bg7 11. O-O O-O 12. Nd2 Re8 13. Re1 Rb8 14. Bf1 Ng4 15. h3 Nge5 16. Qd1 g5 17. g3 Ng6 18. Nc4 Nde5 19. Nxe5 Qxe5 20. Kh2 Bd7 21. Qd2 Qd4 22. Qxd4 cxd4 23. Nb1 Ne5 24. Kg2 Rbc8 25. Bxg5 Bxh3+ 26. Kxh3 Nf3 27. Nd2 Nxg5+ 28. Kg4 h6 29. f4 Nh7 30. Nc4 Red8 31. a5 Nf6+ 32. Kf3 Ne8 33. e5 dxe5 34. fxe5 Rxd5 35. Nb6 Rcc5 36. Nxd5 Rxd5 37. Bc4 Rc5 38. Rac1 Rxa5 39. e6 fxe6 40. Bxe6+ Kh7 41. g4 Nd6 42. Rc7 Kg6 43. Rd7 Re5 44. Rxg7+ 1-0

[Event "68th Warsaw-ch-A 2019"]
[Site "Warsaw"]
[Date "2019.11.17"]
[Round "7.14"]
[White "Piotrowski, Arkadiusz"]
[Black "Spicak, Krzysztof"]
[Result "1-0"]
[ECO "C50"]
[WhiteElo "1962"]
[BlackElo "1874"]
[Annotator "NA RC"]
[PlyCount "141"]
[EventDate "2019.11.14"]
[EventType "swiss"]
[EventCountry "POL"]
[SourceTitle "playchess.com"]
[Source "ChessBase"]
[SourceQuality "1"]
[TimeControl "5400+30"]

1. e4 e5 2. Nf3 Nc6 3. Bc4 Be7 4. d4 d6 5. h3 Nxd4 6. Nxd4 exd4 7. Qxd4 Bf6 8. Qd3 Ne7 9. Nc3 O-O 10. Be3 Nc6 11. Qd2 Re8 12. Bd3 Be6 13. O-O-O Nb4 14. a3 Bxc3 15. bxc3 Nc6 16. f4 Na5 17. Qe2 f6 18. g4 Qe7 19. Qf2 b6 20. Qh4 Bc4 21. g5 d5 22. gxf6 Qxf6 23. Qxf6 gxf6 24. Bd4 dxe4 25. Bxc4+ Nxc4 26. Bxf6 Kf7 27. Bh4 Nd6 28. Rd5 Re6 29. c4 c6 30. Rh5 Nxc4 31. Rxh7+ Kg6 32. Rc7 e3 33. Rg1+ Kf5 34. Rf7+ Ke4 35. f5 Rh6 36. Bg5 Rxh3 37. Rg4+ Kd5 38. Rd7+ Nd6 39. Bf4 Rh1+ 40. Kb2 e2 41. Bxd6 Rb1+ 42. Ka2 Ra1+ 43. Kb3 Rb1+ 44. Ka4 b5+ 45. Ka5 e1=Q+ 46. Bb4+ Ke5 47. Bxe1 Rxe1 48. Re7+ Kxf5 49. Rxe1 Kxg4 50. Re6 Rc8 51. Kb4 Kf5 52. Re7 a6 53. Kc5 a5 54. c3 Kf6 55. Rd7 b4 56. cxb4 axb4 57. Rd6+ Ke7 58. axb4 Rb8 59. Rxc6 Kd7 60. b5 Rh8 61. Kb6 Rh5 62. Rc1 Kd8 63. Ka6 Rh2 64. b6 Rb2 65. Kb7 Kd7 66. Rd1+ Ke7 67. Ka7 Ra2+ 68. Kb8 Rb2 69. b7 Rb3 70. Ra1 Kd7 71. Ka7 1-0

[Event "68th Warsaw-ch-A 2019"]
[Site "Warsaw"]
[Date "2019.11.18"]
[Round "8.2"]
[White "Deszczynski, Adam"]
[Black "Chomczyk, Marek"]
[Result "1-0"]
[ECO "E06"]
[WhiteElo "2291"]
[BlackElo "2282"]
[Annotator "RC"]
[PlyCount "145"]
[EventDate "2019.11.14"]
[EventType "swiss"]
[EventCountry "POL"]
[SourceTitle "playchess.com"]
[Source "ChessBase"]
[SourceQuality "1"]
[TimeControl "5400+30"]

1. d4 Nf6 2. Nf3 d5 3. c4 e6 4. g3 Be7 5. Bg2 O-O 6. O-O dxc4 7. Qc2 a6 8. a4 Bd7 9. Rd1 Bc6 10. Nc3 Bxf3 11. Bxf3 Nc6 12. Bxc6 bxc6 13. a5 Qb8 14. Ra4 Qb3 15. Qxb3 cxb3 16. Rc4 Rfd8 17. Bf4 Nd5 18. Nxd5 Rxd5 19. Bxc7 Rc8 20. e4 Rd7 21. Bb6 f5 22. f3 fxe4 23. fxe4 Bf6 24. Rdc1 Rf8 25. e5 Bg5 26. Rf1 Be3+ 27. Kg2 Rdf7 28. Rxf7 Rxf7 29. Rc3 Rf2+ 30. Kh3 Re2 31. d5 c5 32. d6 Bg5 33. Rxb3 Rxe5 34. Rd3 c4 35. Rd1 Re2 36. d7 Rxb2 37. Kg4 Rb5 38. h4 Be7 39. d8=Q+ Bxd8 40. Rxd8+ Kf7 41. Rd7+ Kf6 42. Rc7 h5+ 43. Kh3 Rb4 44. Bd4+ Kf5 45. Rc5+ Ke4 46. Bxg7 Kf3 47. Rc7 Rb1 48. Rf7+ Ke4 49. Rf4+ Kd5 50. Rd4+ Kc5 51. Rd8 Rb5 52. Bc3 Rb3 53. Rc8+ Kd5 54. Bf6 e5 55. Re8 Re3 56. Kg2 c3 57. Kf2 Re4 58. Rc8 Kd4 59. Bg5 Kd3 60. Rd8+ Kc2 61. Rd6 Rd4 62. Rxa6 Kd3 63. Rc6 e4 64. a6 Rd7 65. Ke1 Rd5 66. a7 Ra5 67. Rd6+ Kc4 68. Be3 c2 69. Kd2 Ra2 70. Rd8 c1=N+ 71. Kxc1 Kc3 72. a8=Q Ra4 73. Bd2+ 1-0